 Dungeon Crawl Stone Soup version 0.24.0-29-g8ce449bc06 (webtiles) character file.

Game seed: 7593498652922945030, levelgen mode: deterministic

2868 FishyPogo the Magician (level 9, 0/66 HPs)
             Began as a Gnoll Venom Mage on Nov 15, 2019.
             Was an Elder of Makhleb.
             Slain by a two-headed ogre
             ... wielding a +0 giant club
              (9 damage)
             ... on level 8 of the Dungeon.
             The game lasted 00:24:12 (6783 turns).

FishyPogo the Magician (Gnoll Venom Mage)           Turns: 6783, Time: 00:24:13

Health: 0/66       AC:  7    Str: 10    XL:     9   Next: 76%
Magic:  15/19      EV: 17    Int: 22    God:    Makhleb [****..]
Gold:   355        SH:  0    Dex: 21    Spells: 0/21 levels left

rFire    . . .     SeeInvis .   y - +2 long sword (elec)
rCold    + . .     Gourm    .   (no shield)
rNeg     . . .     Faith    .   a - +0 robe
rPois    .         Spirit   .   H - +1 helmet
rElec    .         Reflect  .   (no cloak)
rCorr    .         Harm     .   z - +2 pair of gloves {Dex+3}
MR       .....                  (no boots)
Stlth    ++++......             A - amulet of magic regeneration
HPRegen  0.21/turn              e - +3 ring of dexterity
MPRegen  0.41/turn              n - ring of protection from cold

@: radiating poison
A: distributed training, fangs 1, strong nose
a: Minor Destruction, Lesser Servant of Makhleb, Major Destruction, Renounce
Religion


You were on level 8 of the Dungeon.
You worshipped Makhleb.
Makhleb was greatly pleased with you.
You were near starving.

You visited 2 branches of the dungeon, and saw 9 of its levels.
You also visited: Ossuary.

You collected 355 gold pieces.

Inventory:

Hand Weapons
 s - a +2 dagger of venom
 y - a +2 long sword of electrocution (weapon)
Missiles
 h - 261 stones (quivered)
 E - 2 boomerangs
 I - 18 poisoned darts
 J - 8 atropa-tipped darts
Armour
 a - a +0 robe (worn)
 z - a +2 pair of gloves of dexterity (worn)
 H - a +1 helmet (worn)
Jewellery
 e - a +3 ring of dexterity (left hand)
 j - an uncursed ring of stealth
 n - a ring of protection from cold (right hand)
 o - an uncursed ring of stealth
 A - an amulet of magic regeneration (around neck)
Wands
 r - a wand of random effects (17)
 B - a wand of digging (7)
 C - a wand of disintegration (10)
Scrolls
 b - 8 scrolls of identify {unknown}
 d - a scroll of fog {unknown}
 f - 4 scrolls of remove curse {unknown}
 i - 6 scrolls of teleportation
 m - 3 scrolls of blinking {unknown}
 t - 3 scrolls of immolation {unknown}
 v - a scroll of holy word {unknown}
 x - a scroll of amnesia {unknown}
 F - a scroll of fear {unknown}
 G - a scroll of random uselessness {unknown}
 M - a scroll of enchant weapon {unknown}
Potions
 g - a potion of lignification {unknown}
 k - a potion of berserk rage {unknown}
 l - a potion of brilliance {unknown}
 p - 4 potions of flight {unknown}
 q - 3 potions of curing {unknown}
 u - a potion of magic {unknown}
 w - 5 potions of agility {unknown}
 D - a potion of invisibility {unknown}
 K - a potion of might {unknown}
 L - a potion of haste {unknown}
Comestibles
 c - 17 rations


   Skills:
 + Level 4.4 Fighting
 + Level 4.4 Short Blades
 + Level 4.4 Long Blades
 + Level 4.4 Axes
 + Level 4.4 Maces & Flails
 + Level 4.4 Polearms
 + Level 4.4 Staves
 + Level 4.4 Slings
 + Level 4.4 Bows
 + Level 4.4 Crossbows
 + Level 4.4 Throwing
 + Level 4.4 Armour
 + Level 6.5 Dodging
 + Level 6.2 Stealth
 + Level 4.4 Shields
 + Level 4.4 Unarmed Combat
 + Level 6.8 Spellcasting
 + Level 4.3 Conjurations
 + Level 3.7 Hexes
 + Level 3.7 Charms
 + Level 3.7 Summonings
 + Level 3.7 Necromancy
 + Level 3.7 Translocations
 + Level 3.7 Transmutations
 + Level 3.7 Fire Magic
 + Level 3.7 Ice Magic
 + Level 3.7 Air Magic
 + Level 3.7 Earth Magic
 + Level 6.6 Poison Magic
 + Level 4.9 Invocations
 + Level 4.4 Evocations


You couldn't memorise any spells.
You knew the following spells:

 Your Spells              Type           Power        Failure   Level  Hunger
a - Sting                 Conj/Pois      ####         1%          1    None
b - Magic Dart            Conj           ####         1%          1    None
c - Poisonous Vapours     Pois/Air       ####..       1%          2    None
d - Olgreb's Toxic Radia  Pois           #####...     5%          4    ###....
e - Animate Dead          Necr           N/A          19%         4    ###....
h - Regeneration          Chrm/Necr      ###.......   5%          3    None
j - Conjure Flame         Conj/Fire      ####....     4%          3    None
y - Mephitic Cloud        Conj/Pois/Air  ####....     3%          3    None

Your spell library contained the following spells:

 Spells                   Type           Power        Failure   Level  Hunger
 Animate Skeleton         Necr           N/A          1%          1    None
 Pain                     Necr           ###.         1%          1    None
 Blink                    Tloc           N/A          2%          2    None
 Call Imp                 Summ           ###.....     2%          2    None
 Slow                     Hex            ###.....     2%          2    None
 Vampiric Draining        Necr           ###.......   5%          3    None
 Venom Bolt               Conj/Pois      ####......   24%         5    #####..


Dungeon Overview and Level Annotations

Branches:
Dungeon (8/15)             Temple (1/1) D:5         Ossuary (visited)
   Lair: D:8-11

Altars:
Ashenzari
Fedhas
Gozag
Hepliaklqana
Kikubaaqudgha
Makhleb
Nemelex Xobeh
Okawaru
Qazlal
Ru
Sif Muna
Trog
Uskayaw
Vehumet
Wu Jian
Xom
Zin
The Shining One

Shops:
D:4 %   D:5 [

Annotations:
D:1 1 runed translucent door
D:5 Menkaure


Innate Abilities, Weirdness & Mutations

Your experience applies equally to all skills.
You have very sharp teeth.
Your uncanny sense of smell can sniff out nearby items.


Message History

The two-headed ogre looks even sicker.
The two-headed ogre is lightly wounded.
You slash the two-headed ogre! You punch the two-headed ogre.
The two-headed ogre is moderately wounded.
The two-headed ogre hits you with a +0 giant club!!
The two-headed ogre hits you with a +0 giant spiked club!!
* * * LOW HITPOINT WARNING * * *
Casting: Sting (safe; 1% risk of failure)
Confirm with . or Enter, or press ? or * to list all spells.
You begin to radiate toxic energy.
The two-headed ogre looks even sicker. x2
The two-headed ogre misses you. x2
Your toxic aura wanes.
Casting: Olgreb's Toxic Radiance (safe; 5% risk of failure)
Confirm with . or Enter, or press ? or * to list all spells.
You begin to radiate toxic energy.
The two-headed ogre looks even sicker.
The two-headed ogre looks as sick as possible!
The two-headed ogre hits you with a +0 giant club!
* * * LOW HITPOINT WARNING * * *
The two-headed ogre hits you with a +0 giant spiked club!
You die...

......#...+.....#,,,,,*
..#...#.).#.....+,,,,,*
......#...#.....#,,,,,*
#####..####.....###,,,*
..................#****
......+...........#
..#...#...........#
.,#...#...........#
,,+...#........O@.#
,.#..[#...........#
..##+##........<..#
#.....####'########
#.....+.....#
#.....#.....#
#.....#.....#
#.....#.....#
......#.....#


You could see a two-headed ogre.

Vanquished Creatures
  A yak (D:7)
  3 hogs (D:7)
  A human (D:7)
  A water moccasin (D:7)
  A sky beast (D:7)
  An ice beast (D:5)
  An orc warrior (D:7)
  4 ogres
  2 phantoms (D:5)
  3 centaurs
  3 bullfrogs
  A scorpion (D:8)
  3 killer bees (D:7)
  A crimson imp (D:5)
  A bullfrog zombie (D:5)
  2 centaur zombies
  2 hounds (D:6)
  An orc priest (D:5)
  An iguana (D:4)
  2 orc wizards
  5 worker ants
  4 mummies (Ossuary)
  Robin (D:3)
  11 adders
  2 shadow imps
  2 oozes
  An adder skeleton (D:4)
  4 worms
  4 dart slugs
  5 leopard geckos
  10 orcs
  5 bats
  12 giant cockroaches
  2 gnoll zombies (Ossuary)
  11 goblins
  9 hobgoblins
  8 kobolds
  3 quokkas
  2 ball pythons
  6 frilled lizards
  2 gnoll skeletons (Ossuary)
  4 goblin skeletons (Ossuary)
  4 goblin zombies (Ossuary)
  4 hobgoblin skeletons (Ossuary)
  4 hobgoblin zombies (Ossuary)
  3 kobold skeletons (Ossuary)
  4 kobold zombies (Ossuary)
  A leopard gecko skeleton (D:6)
  A leopard gecko zombie (D:7)
  4 orc skeletons (Ossuary)
  8 orc zombies (Ossuary)
  9 rats
  8 rat skeletons (Ossuary)
  3 rat zombies (Ossuary)
201 creatures vanquished.

Vanquished Creatures (others)
  A hound (D:4)
1 creature vanquished.

Grand Total: 202 creatures vanquished

Notes
Turn   | Place    | Note
-------+----------+-------------------------------------------
     0 | D:1      | FishyPogo the Gnoll Venom Mage began the quest for the Orb.
     0 | D:1      | Reached XP level 1. HP: 13/13 MP: 6/6
     3 | D:1      | Found a runed translucent door.
   179 | D:1      | Reached XP level 2. HP: 19/19 MP: 2/7
   190 | D:1      | Learned a level 2 spell: Poisonous Vapours
   488 | D:1      | Reached XP level 3. HP: 17/25 MP: 1/9
   709 | D:2      | Reached skill level 5 in Spellcasting
   743 | D:2      | Reached skill level 1 in Invocations
   829 | D:2      | Learned a level 3 spell: Mephitic Cloud
   981 | D:2      | Reached skill level 1 in Fighting
   981 | D:2      | Reached skill level 1 in Short Blades
   981 | D:2      | Reached skill level 1 in Long Blades
   981 | D:2      | Reached skill level 1 in Axes
   981 | D:2      | Reached skill level 1 in Maces & Flails
   981 | D:2      | Reached skill level 1 in Polearms
   981 | D:2      | Reached skill level 1 in Staves
   981 | D:2      | Reached skill level 1 in Slings
   981 | D:2      | Reached skill level 1 in Bows
   981 | D:2      | Reached skill level 1 in Crossbows
   981 | D:2      | Reached skill level 1 in Throwing
   981 | D:2      | Reached skill level 1 in Armour
   981 | D:2      | Reached skill level 1 in Shields
   981 | D:2      | Reached skill level 1 in Unarmed Combat
   981 | D:2      | Reached skill level 1 in Evocations
   981 | D:2      | Reached XP level 4. HP: 32/32 MP: 6/11
  1167 | D:2      | Found a faded altar of an unknown god.
  1172 | D:2      | Became a worshipper of Makhleb the Destroyer
  1172 | D:2      | Reached * piety under Makhleb
  1427 | D:2      | Found a blossoming altar of Fedhas.
  1809 | D:3      | Reached skill level 1 in Hexes
  1809 | D:3      | Reached skill level 1 in Charms
  1809 | D:3      | Reached skill level 1 in Summonings
  1809 | D:3      | Reached skill level 1 in Necromancy
  1809 | D:3      | Reached skill level 1 in Translocations
  1809 | D:3      | Reached skill level 1 in Transmutations
  1809 | D:3      | Reached skill level 1 in Fire Magic
  1809 | D:3      | Reached skill level 1 in Ice Magic
  1809 | D:3      | Reached skill level 1 in Air Magic
  1809 | D:3      | Reached skill level 1 in Earth Magic
  1879 | D:3      | Noticed Robin
  2086 | D:3      | Reached XP level 5. HP: 37/37 MP: 5/12
  2105 | D:3      | Killed Robin
  2195 | D:3      | Reached ** piety under Makhleb
  2201 | D:3      | Learned a level 4 spell: Olgreb's Toxic Radiance
  2661 | D:4      | Found Reix's Food Shop.
  2913 | D:4      | Found a radiant altar of Vehumet.
  2935 | D:4      | Reached XP level 6. HP: 29/44 MP: 5/13
  3143 | D:4      | Reached skill level 5 in Dodging
  3148 | D:4      | Reached XP level 7. HP: 50/50 MP: 1/15
  3364 | D:4      | Learned a level 3 spell: Conjure Flame
  3366 | D:4      | Learned a level 1 spell: Magic Dart
  3454 | D:5      | Entered Level 5 of the Dungeon
  3499 | D:5      | Found Tudua's Antique Armour Emporium.
  3565 | D:5      | Found a burning altar of Makhleb.
  3641 | D:5      | Noticed Menkaure
  3663 | D:5      | Reached skill level 5 in Stealth
  3745 | D:5      | Reached XP level 8. HP: 29/57 MP: 12/16
  3936 | D:5      | Found a staircase to the Ecumenical Temple.
  3963 | Temple   | Entered the Ecumenical Temple
  4725 | D:6      | Reached *** piety under Makhleb
  4984 | D:6      | Found a sacrificial altar of Ru.
  5239 | D:7      | Found a bloodstained altar of Trog.
  5239 | D:7      | Found a shimmering blue altar of Sif Muna.
  5246 | D:7      | Found a sparkling altar of Nemelex Xobeh.
  5248 | D:7      | Found a shimmering altar of Xom.
  5375 | D:7      | Reached XP level 9. HP: 50/65 MP: 16/18
  5621 | D:7      | Found an ornate altar of the Wu Jian Council.
  5949 | D:7      | Found a hazy altar of Hepliaklqana.
  6186 | D:8      | Found a sand-covered staircase.
  6194 | Ossuary  | Entered an ossuary
  6218 | Ossuary  | Learned a level 4 spell: Animate Dead
  6225 | Ossuary  | Learned a level 3 spell: Regeneration
  6295 | Ossuary  | Reached **** piety under Makhleb
  6760 | D:8      | Noticed a two-headed ogre
  6783 | D:8      | Slain by a two-headed ogre

Levels and vault maps discovered:
D:1:      dpeg_arrival_caged_fury, layout_loops_ring
D:2:      layout_basic, fedhas_altar_1, chequers_ecumenical_altar_lobes,
          minmay_pentomino_w4
D:3:      layout_rooms, first_ration, uniq_robin
D:4:      minmay_wonky_spiral, layout_loops_cross, fiery_altar_vehumet,
          serial_shops, shop, hangedman_minor_gate_pass
D:5:      layout_cave_pools, makhleb_grotto_becter, minmay_temple_entry_trees,
          serial_shops, shop, uniq_menkaure
D:6:      layout_basic, hangedman_ru_absence
D:7:      layout_basic, minitemple, kennysheep_mini, hangedman_decor_opposing,
          kennysheep_flooded_box, grunt_livestock
D:8:      layout_gridville, lemuel_crystal_altar, chequers_ossuary_entry_cave,
          hangedman_decor_lopped, minmay_manual_macuahuitl
Temple:   compressed_dpeg_triangle_lava_temple

Skill      XL: |  1  2  3  4  5  6  7  8  9 |
---------------+----------------------------+-----
Conjurations   | 2 3 4 |  4.3
Spellcasting   | 5 6 |  6.8
Invocations    | 1 2 3 4 |  4.9
Fighting       | 1 2 3 4 |  4.4
Short Blades   | 1 2 3 4 |  4.4
Long Blades    | 1 2 3 4 |  4.4
Axes           | 1 2 3 4 |  4.4
Maces & Flails | 1 2 3 4 |  4.4
Polearms       | 1 2 3 4 |  4.4
Staves         | 1 2 3 4 |  4.4
Slings         | 1 2 3 4 |  4.4
Bows           | 1 2 3 4 |  4.4
Crossbows      | 1 2 3 4 |  4.4
Throwing       | 1 2 3 4 |  4.4
Armour         | 1 2 3 4 |  4.4
Shields        | 1 2 3 4 |  4.4
Unarmed Combat | 1 2 3 4 |  4.4
Evocations     | 1 2 3 4 |  4.4
Hexes          | 1 2 3 |  3.7
Charms         | 1 2 3 |  3.7
Summonings     | 1 2 3 |  3.7
Necromancy     | 1 2 3 |  3.7
Translocations | 1 2 3 |  3.7
Transmutations | 1 2 3 |  3.7
Fire Magic     | 1 2 3 |  3.7
Ice Magic      | 1 2 3 |  3.7
Air Magic      | 1 2 3 |  3.7
Earth Magic    | 1 2 3 |  3.7
Dodging        | 5 6 |  6.5
Stealth        | 5 6 |  6.2
Poison Magic   | 6 |  6.6

Action                   |  1- 3 |  4- 6 |  7- 9 || total
-------------------------+-------+-------+-------++-------
Melee: Dagger            |    42 |    38 |       ||    80
       Bite              |     3 |     6 |    12 ||    21
       Long sword        |       |    10 |   140 ||   150
       Punch             |       |       |     2 ||     2
 Cast: Sting             |    30 |    80 |    73 ||   183
       Poisonous Vapours |    14 |    31 |    32 ||    77
       Magic Dart        |       |       |   100 ||   100
       Mephitic Cloud    |       |       |     3 ||     3
       Olgreb's Toxic Ra |       |       |     3 ||     3
Invok: Minor Destruction |       |     7 |     3 ||    10
       Lesser Servant of |       |       |     1 ||     1
  Use: Scroll            |       |       |     2 ||     2
 Stab: Sleeping          |     4 |       |     4 ||     8
  Eat: Chunk             |       |     7 |    10 ||    17
Armor: Robe              |     9 |     6 |    26 ||    41
Dodge: Dodged            |    30 |    57 |   112 ||   199
       Rpst.: Long sword |       |     4 |    28 ||    32
